 Dungeon Crawl Stone Soup version 0.28-a0-697-g47f3eba078 (webtiles) character file.

Game seed: 4587739475967553265

177 SmokeWeed the Chucker (level 5, -5/50 HPs)
             Began as a Troll Hunter on Oct 24, 2021.
             Slain by an orc (8 damage)
             ... on level 3 of the Dungeon.
             The game lasted 00:04:44 (1860 turns).

SmokeWeed the Chucker (Troll Hunter)                Turns: 1860, Time: 00:04:45

Health: -5/50      AC:  5    Str: 20    XL:     5   Next: 30%
Magic:  4/4        EV: 10    Int:  8    God:
Gold:   72         SH:  0    Dex: 10    Spells: 4/4 levels left

rFire   . . .      SeeInvis .   a - +0 short sword
rCold   . . .      Faith    .   (no shield)
rNeg    . . .      Spirit   .   b - +0 robe
rPois   .          Reflect  .   (helmet restricted)
rElec   .          Harm     .   j - +0 cloak
rCorr   .          Rampage  .   (gloves unavailable)
Will    .....                   (boots unavailable)
Stlth   +.........              (no amulet)
HPRegen 1.16/turn               (no ring)
MPRegen 0.09/turn               (no ring)

@: lethally poisoned (-5 -> -11)
A: large, unfitting armour, claws 3, regeneration 1, shaggy fur 1, tough skin 1
a: no special abilities


You were on level 3 of the Dungeon.
You visited 1 branch of the dungeon, and saw 3 of its levels.

You collected 72 gold pieces.

Inventory:

Hand Weapons
 a - a +0 short sword (weapon)
 e - a +0 longbow
 p - a +0 flail
Missiles
 c - 5 large rocks
 d - 3 throwing nets
 g - 5 poisoned darts (quivered)
 l - 27 stones
Armour
 b - a +0 robe (worn)
 j - a +0 cloak (worn)
Wands
 r - a wand of polymorph (5)
Scrolls
 m - 2 scrolls of identify
 o - a scroll of acquirement {unknown}
Potions
 f - a potion of haste
 h - 2 potions of berserk rage
 i - a potion of might {unknown}
 k - a potion of lignification {unknown}
 n - a potion of heal wounds {unknown}
 q - a potion of curing {unknown}


   Skills:
 * Level 2.5 Fighting
 - Level 4.4 Throwing
 * Level 3.0 Dodging
 * Level 1.1 Stealth


You had 4 spell levels left.
You didn't know any spells.
Your spell library was empty.

Dungeon Overview and Level Annotations

Branches:
Dungeon (3/15)

Altars:


Innate Abilities, Weirdness & Mutations

You are too large for most types of armour.
You have claws for hands.
Your natural rate of healing is unusually fast.
You are covered in fur. (AC +1)
You have tough skin. (AC +1)


Message History

You hit the orc.
The orc is severely wounded.
You feel very sick. The orc misses you. The orc barely misses you. x2
You hit the orc.
You kill the orc!
You feel sick.
The orc hits you from afar with a +1 trident of venom.
You feel sick.
The orc hits you with a +1 trident of venom.
You are more poisoned.
You barely miss the orc.
You feel very sick. The orc barely misses you.
You hit the orc.
The orc is heavily wounded.
You feel very sick.
The orc hits you with a +1 trident of venom.
You are more poisoned.
You are too injured to fight recklessly!
You are too injured to fight recklessly!
You are too injured to fight recklessly!
Throw: 6 darts (poison)
Press: ? - help, Q - select action, (/) - cycle Shift-Dir - straight line, f - orc
Aim: an orc, wielding a +1 trident of venom (heavily wounded, 59% to hit)
You throw a poisoned dart.
The poisoned dart barely misses the orc.
You feel very sick.
The orc hits you with a +1 trident of venom.
* * * LOW HITPOINT WARNING * * *
You feel very sick.
The orc hits you with a +1 trident of venom.
* * * LOW HITPOINT WARNING * * *
You are lethally poisoned!
You barely miss the orc.
The orc is moderately wounded.
* * * LOW HITPOINT WARNING * * *
You feel very sick.
The orc hits you with a +1 trident of venom!
You die...

......#............#
......#............#############
......+............'....>.......
......#............#####.######.#
......#............# #.#......#
......#....#+###########.##.#####
...........#.# #...(..##.........
...........#.# #......#####.#####
...........#.# #@o....+.....†...#
##.........#.###.((...#####.###.#
..............).)...........#...#
#######.####.########.#######†###
#.# #+# #.......# ... #....######
#.... #.......... #.....
#.##.###### #...... # #.......


You could see an orc.

Vanquished Creatures
  Natasha (twice) (D:3)
  4 adders
  A worm (D:2)
  4 dart slugs
  6 orcs
  3 bats (D:2)
  3 endoplasms (D:1)
  7 giant cockroaches
  5 goblins
  10 hobgoblins
  4 kobolds
  2 quokkas
  10 ball pythons
  7 frilled lizards
  6 rats
74 creatures vanquished.

Notes
Turn   | Place    | Note
-------+----------+-------------------------------------------
     0 | D:1      | SmokeWeed the Troll Hunter began the quest for the Orb.
     0 | D:1      | Reached XP level 1. HP: 19/19 MP: 0/0
   139 | D:1      | Reached skill level 4 in Throwing
   152 | D:1      | Reached XP level 2. HP: 27/27 MP: 1/1
   393 | D:1      | Reached XP level 3. HP: 35/35 MP: 2/2
   409 | D:1      | Found a faded altar of an unknown god.
   868 | D:2      | Reached XP level 4. HP: 29/42 MP: 3/3
  1399 | D:2      | Reached skill level 1 in Stealth
  1623 | D:3      | Noticed Natasha
  1634 | D:3      | Killed Natasha
  1714 | D:3      | Noticed Natasha
  1719 | D:3      | Killed Natasha
  1720 | D:3      | Reached XP level 5. HP: 50/50 MP: 4/4
  1860 | D:3      | Slain by an orc

Illustrated notes

Levels and vault maps discovered:
D:1:      dpeg_chamrin_arrival_tetris, layout_loops_ring,
          chequers_ecumenical_altar_simple
D:2:      minmay_recursive_quarters, layout_basic, minivault_26, st_stairs_6
D:3:      layout_basic, nicolae_hepliaklqana_hazy_memory,
          grunt_decor_one_mirror, minmay_hedge_maze, uniq_natasha

Skill      XL: |  1  2  3  4  5 |
---------------+----------------+-----
Throwing       | 4 |  4.4
Dodging        | 2 3 |  3.0
Fighting       | 2 |  2.5
Stealth        | 1 |  1.1

Action                   |  1- 3 |  4- 6 || total
-------------------------+-------+-------++-------
Melee: Short sword       |   135 |   123 ||   258
Throw: Dart              |     5 |    15 ||    20
  Use: Scroll            |     4 |       ||     4
 Stab: Sleeping          |     1 |       ||     1
Armor: Robe              |    60 |    37 ||    97
Dodge: Dodged            |    82 |    74 ||   156

Table legend: (Time is in decaauts)
 A = Elapsed time spent in this place.
 B = Non-inter-level travel time spent in this place.
 C = Inter-level travel time spent in this place.
 D = Time resting spent in this place.
 E = Time spent auto-exploring this place.
 F = Levels seen in this place.
 G = Mean time per level.
                   A        B        C        D        E       F      G
               +--------+--------+--------+--------+--------+-----+--------+
         Total |   1881 |   1881 |      0 |      0 |   1289 |   3 |  627.0 |
       Dungeon |   1881 |   1881 |      0 |      0 |   1289 |   3 |  627.0 |
               +--------+--------+--------+--------+--------+-----+--------+

Top non-repeatable levels by time:
     D:2: 877 daAuts
     D:1: 726 daAuts
     D:3: 276 daAuts
